 Dungeon Crawl Stone Soup version 0.26-a0-84-g8c18429211 (webtiles) character file.

Game seed: 16693508063587807464

2191 omma the Tainter (level 9, -5/53 HPs)
             Began as an Octopode Venom Mage on June 19, 2020.
             Was a Follower of Cheibriados.
             Slain by a two-headed ogre
             ... wielding a +0 giant spiked club
              (24 damage)
             ... on level 7 of the Dungeon.
             The game lasted 00:29:52 (8204 turns).

omma the Tainter (Octopode Venom Mage)              Turns: 8204, Time: 00:29:53

Health: -5/53      AC:  1    Str:  9      XL:     9   Next: 33%
Magic:  19/27      EV: 14    Int: 20      God:    Cheibriados [*.....]
Gold:   296        SH:  0    Dex: 12 (17) Spells: 8/20 levels left

rFire    . . .     SeeInvis .     - Unarmed
rCold    + . .     Gourm    .   (no shield)
rNeg     + . .     Faith    .   (helmet restricted)
rPois    .         Spirit   .   r - amulet of regeneration
rElec    .         Reflect  .   j - ring of positive energy
rCorr    .         Harm     .   l - ring of protection from cold
MR       +....                  q - ring of magical power
Stlth    ++++......             G - ring of flight
HPRegen  0.57/turn              I - ring of protection from magic
MPRegen  0.20/turn              (no ring)
                                (no ring)
                                (no ring)

@: about to teleport, very slow
A: almost no armour, stealthy swim, amphibious, 8 rings, constrict 8, camouflage
1, gelatinous body 1
a: Bend Time, Renounce Religion, Evoke Flight


You were on level 7 of the Dungeon.
You worshipped Cheibriados.
Cheibriados was aware of your devotion.
You were not hungry.

You visited 2 branches of the dungeon, and saw 8 of its levels.
You also visited: Sewer.

You collected 446 gold pieces.
You spent 150 gold pieces at shops.

Inventory:

Missiles
 a - 6 javelins (quivered)
 h - 24 poisoned darts
 x - a throwing net
Jewellery
 j - a ring of positive energy (left tentacle)
 l - a ring of protection from cold (right tentacle)
 p - an uncursed amulet of the acrobat
 q - a ring of magical power (on tentacle)
 r - an amulet of regeneration (around mantle)
 A - an uncursed ring of ice
 G - a ring of flight (on tentacle)
 I - a ring of protection from magic (on tentacle)
Wands
 e - a wand of disintegration (9)
 E - a wand of iceblast (10)
Scrolls
 d - 2 scrolls of immolation
 g - 4 scrolls of amnesia
 s - a scroll of fog {unknown}
 v - 3 scrolls of remove curse
 w - 3 scrolls of blinking
 y - a scroll of fear {unknown}
 z - 2 scrolls of enchant armour
 D - a scroll of magic mapping {unknown}
 H - a scroll of vulnerability {unknown}
 J - a scroll of teleportation
Potions
 c - a potion of haste
 f - a potion of invisibility {unknown}
 i - 8 potions of curing
 k - 2 potions of brilliance
 m - a potion of stabbing {unknown}
 n - 3 potions of heal wounds
 o - a potion of berserk rage {unknown}
 t - a potion of flight {unknown}
 B - 2 potions of resistance
 C - a potion of might {unknown}
Comestibles
 b - 11 rations
 u - 3 chunks of flesh


   Skills:
 + Level 1.2 Fighting
 + Level 3.0 Dodging
 + Level 5.5 Stealth
 + Level 4.0 Unarmed Combat
 + Level 6.1 Spellcasting
 + Level 2.1 Transmutations
 - Level 4.0 Air Magic
 + Level 8.3 Poison Magic
 * Level 2.0 Invocations


You had 8 spell levels left.
You knew the following spells:

 Your Spells              Type           Power        Failure   Level  Hunger
a - Sting                 Tmut/Pois      ####         1%          1    None
b - Poisonous Vapours     Pois/Air       ####..       1%          2    None
c - Mephitic Cloud        Conj/Pois/Air  ###.....     6%          3    ##.....
d - Olgreb's Toxic Radia  Pois           #####...     3%          4    ####...
e - Summon Small Mammal   Summ           #...         11%         1    None
f - Animate Skeleton      Necr           N/A          11%         1    None

Your spell library contained the following spells:

 Spells                   Type           Power        Failure   Level  Hunger
 Ignite Poison            Fire/Tmut/Pois ###.....     8%          3    ##.....
 Apportation              Tloc           #.....       11%         1    None
 Corona                   Hex            #......      11%         1    None


Dungeon Overview and Level Annotations

Branches:
Dungeon (7/15)             Temple (1/1) D:6           Sewer (visited)

Altars:
Ashenzari
Cheibriados
Dithmenos
Elyvilon
Fedhas
Gozag
Hepliaklqana
Kikubaaqudgha
Makhleb
Nemelex Xobeh
Okawaru
Qazlal
Ru
Sif Muna
Trog
Uskayaw
Vehumet
Wu Jian
Xom
Yredelemnul
Zin
The Shining One

Shops:
D:4 [   D:5 %   D:7 ?%?

Annotations:
D:6 1 runed translucent door, exclusion: downstairs, Lanoc's ghost, amateur HOMo


Innate Abilities, Weirdness & Mutations

You cannot wear most types of armour.
You are very stealthy in the water. (Stealth+)
You are amphibious.
You can wear up to eight rings at the same time.
You can use your tentacles to constrict eight enemies at once.
Your skin changes colour to match your surroundings (Stealth+).
Your rubbery body absorbs attacks. (AC +1, EV +1)


Message History

Aim: a two-headed ogre, wielding a +0 giant spiked club and a +0 giant club (lightly wounded, very poisoned) Poisonous vapours surround the two-headed ogre!
The two-headed ogre looks even sicker.
Your toxic aura wanes.
Your orc skeleton crumbles into dust!
The two-headed ogre is engulfed in poison gas.
The two-headed ogre looks as sick as possible!
Okay, then.
Evoke which item? (* to show all) (? for menu, Esc to quit)
Aiming: Disintegrate
Press: ? - help, Shift-Dir - straight line, f/p - two-headed ogre
Aim: a two-headed ogre, wielding a +0 giant spiked club and a +0 giant club (lightly wounded, extremely poisoned, chance to defeat MR: 48%)
The two-headed ogre resists with some effort.
The two-headed ogre barely misses you.
The two-headed ogre hits you with a +0 giant club!
As you read the scroll of teleportation, it crumbles to dust.
You feel strangely unstable.
The two-headed ogre hits you with a +0 giant spiked club!!
The two-headed ogre hits you with a +0 giant club!!
You die...

. #. #.#.##.####.+∩+ .#
#.#. . #....####.#'# ...
#.#. ###..##...#..
#..##$..#####...##.####.
.(...............# #. ..
...........#.#### #Z
....#.###.......#######.
#.....O).>............
###.#@#######.#######.
#.# #Z.## ## ..# #...#
...# ##### ..... ......
....... .........


You could see a two-headed ogre (extremely poisoned).

Vanquished Creatures
  Grinder (Sewer)
  An orc warrior (D:6)
  A sky beast (D:5)
  2 ogres
  3 big kobolds
  A bullfrog (D:7)
  2 scorpions (D:7)
  2 quasits
  A hound (D:4)
  2 orc priests
  5 gnoll shamans (D:4)
  4 orc wizards
  Ijyb (D:3)
  An iguana (D:6)
  4 worker ants
  A big kobold zombie (Sewer)
  2 howler monkey skeletons
  39 gnolls
  8 adders
  A river rat (D:3)
  5 shadow imps
  2 ufetubi (Sewer)
  A worm (D:2)
  2 adder skeletons
  5 dart slugs
  7 leopard geckos
  16 orcs
  14 bats
  4 giant cockroaches
  9 hobgoblins
  14 jackals (D:4)
  28 kobolds
  6 quokkas
  4 ball pythons
  4 frilled lizards
  2 giant cockroach zombies (Sewer)
  8 goblins
  A leopard gecko skeleton (D:5)
  A quokka zombie (D:3)
  11 rats
226 creatures vanquished.

Vanquished Creatures (others)
  A giant cockroach zombie (Sewer)
  A kobold zombie (Sewer)
2 creatures vanquished.

Grand Total: 228 creatures vanquished

Notes
Turn   | Place    | Note
-------+----------+-------------------------------------------
     0 | D:1      | omma the Octopode Venom Mage began the quest for the Orb.
     0 | D:1      | Reached XP level 1. HP: 11/11 MP: 3/3
   228 | D:1      | Reached XP level 2. HP: 17/17 MP: 3/5
   229 | D:1      | Reached skill level 4 in Poison Magic
   264 | D:1      | Learned a level 2 spell: Poisonous Vapours
   632 | D:1      | Reached XP level 3. HP: 19/21 MP: 1/6
   937 | D:1      | Learned a level 3 spell: Mephitic Cloud
  1128 | D:2      | Reached skill level 1 in Air Magic
  1322 | D:2      | HP: 1/21 [dart slug/slug dart (3)]
  1947 | D:2      | Reached XP level 4. HP: 27/27 MP: 2/7
  2656 | D:3      | Noticed an ogre
  2663 | D:3      | Killed an ogre
  2663 | D:3      | Reached skill level 1 in Unarmed Combat
  2663 | D:3      | Reached XP level 5. HP: 32/32 MP: 3/9
  2913 | D:3      | Found a glowing drain.
  2917 | Sewer    | Entered a sewer
  2947 | Sewer    | Reached XP level 6. HP: 26/37 MP: 10/10
  3133 | Sewer    | Reached skill level 5 in Poison Magic
  3240 | Sewer    | Found a burning altar of Makhleb.
  3291 | Sewer    | Noticed Grinder
  3313 | Sewer    | Paralysed by Grinder for 3 turns
  3318 | Sewer    | Paralysed by Grinder for 7 turns
  3328 | Sewer    | Killed Grinder
  3328 | Sewer    | Reached XP level 7. HP: 42/42 MP: 8/12
  3731 | D:3      | Reached skill level 1 in Fighting
  3783 | D:3      | Found a faded altar of an unknown god.
  3786 | D:3      | Noticed Ijyb
  3801 | D:3      | Killed Ijyb
  4122 | D:3      | Found a shimmering blue altar of Sif Muna.
  4122 | D:3      | Found a stormy altar of Qazlal.
  4136 | D:3      | Learned a level 4 spell: Olgreb's Toxic Radiance
  4246 | D:4      | Found Wiba Osi's Antique Armour Emporium.
  4339 | D:4      | Reached skill level 6 in Poison Magic
  4754 | D:4      | Reached XP level 8. HP: 48/48 MP: 12/14
  5254 | D:4      | Reached skill level 5 in Spellcasting
  5254 | D:4      | Reached skill level 7 in Poison Magic
  5805 | D:5      | Entered Level 5 of the Dungeon
  6100 | D:5      | Found Ugaikecw's Food Boutique.
  6758 | D:5      | Learned a level 1 spell: Summon Small Mammal
  7019 | D:6      | Reached skill level 5 in Stealth
  7106 | D:6      | Found a staircase to the Ecumenical Temple.
  7109 | D:6      | Reached XP level 9. HP: 45/53 MP: 17/17
  7129 | D:6      | Reached skill level 8 in Poison Magic
  7334 | Temple   | Entered the Ecumenical Temple
  7516 | Temple   | Became a worshipper of Cheibriados the Contemplative
  7662 | D:6      | Found a runed translucent door.
  7665 | D:6      | Noticed Lanoc's ghost (amateur HOMo)
  7828 | D:7      | Noticed a two-headed ogre
  7963 | D:7      | Found Biarphuesch's Food Shoppe.
  8022 | D:7      | Reached * piety under Cheibriados
  8026 | D:7      | Reached skill level 1 in Invocations
  8039 | D:7      | Learned a level 1 spell: Animate Skeleton
  8091 | D:7      | Found Yseami's Magic Scroll Boutique.
  8132 | D:7      | Bought a scroll of teleportation for 45 gold pieces
  8153 | D:7      | Found Cemev's Magic Scroll Shop.
  8156 | D:7      | Bought a scroll of teleportation for 30 gold pieces
  8156 | D:7      | Bought a scroll of blinking for 75 gold pieces
  8204 | D:7      | Slain by a two-headed ogre

Illustrated notes

Levels and vault maps discovered:
D:1:      dpeg_arrival_shelter, layout_loops_cross
D:2:      layout_basic, first_ration, minmay_pentomino_x2
D:3:      layout_loops_ring, gammafunk_temple_overflow_elements,
          chequers_ecumenical_altar_simple, gup_sewer_entry_spiral, uniq_ijyb
D:4:      lemuel_castle_with_subvaults [lemuel_castle_interior_carwin_3],
          layout_loops_ring, serial_shops, shop
D:5:      layout_layer_cave, serial_shops, nicolae_shop_crystal,
          grunt_ministairs_12
D:6:      layout_gridville, minmay_temple_entry_slanted,
          ebering_ghost_reflecting_pool, serial_rivers,
          chequers_serial_rivers_large_a, chequers_serial_rivers_micro_c,
          chequers_serial_rivers_large_b, chequers_serial_rivers_marsh
D:7:      layout_rooms, serial_shops, kennysheep_mini, shop, shop, shop,
          uniq_crazy_yiuf_cottage
Temple:   regret_index_temple_chain_breaker

Skill      XL: |  1  2  3  4  5  6  7  8  9 |
---------------+----------------------------+-----
Poison Magic   | 4 5 6 7 8 |  8.3
Stealth        | 3 5 |  5.5
Air Magic      | 1 2 3 4 |  4.0
Unarmed Combat | 1 2 3 4 |  4.0
Spellcasting   | 3 4 5 6 |  6.1
Transmutations | 2 |  2.1
Fighting       | 1 |  1.2
Dodging        | 3 |  3.0
Invocations    | 2 |  2.0

Action                   |  1- 3 |  4- 6 |  7- 9 || total
-------------------------+-------+-------+-------++-------
Melee: Unarmed           |    82 |   104 |   161 ||   347
       Tentacles         |    19 |    14 |    34 ||    67
       Constrict         |    27 |    29 |    45 ||   101
       Punch             |       |       |     3 ||     3
 Cast: Sting             |    28 |    12 |     8 ||    48
       Poisonous Vapours |     3 |    38 |   133 ||   174
       Olgreb's Toxic Ra |       |       |    11 ||    11
       Animate Skeleton  |       |       |     2 ||     2
Evoke: Wand              |       |       |     1 ||     1
  Use: Scroll            |       |     5 |     7 ||    12
 Stab: Sleeping          |     9 |     8 |     4 ||    21
  Eat: Chunk             |     4 |     5 |    20 ||    29
Armor: Skin              |     8 |     8 |     8 ||    24
Dodge: Dodged            |    40 |    84 |    99 ||   223

Table legend:
 A = Non-vault XP
 B = Vault XP
 C = Vault XP percentage of total XP
 D = Non-vault monster count
 E = Vault monster count
 F = Vault count percentage of total count
                 A         B        C        D         E       F
            +---------+---------+-------+---------+---------+-------
      Total |    1644 |    1487 |  47.5 |     133 |      93 |  41.2
            +---------+---------+-------+---------+---------+-------
        D:1 |      51 |       0 |   0.0 |      28 |       0 |   0.0
        D:2 |      36 |       4 |  10.0 |      17 |       2 |  10.5
        D:3 |     221 |      73 |  24.8 |      27 |       8 |  22.9
        D:4 |     135 |     789 |  85.4 |      10 |      51 |  83.6
        D:5 |     313 |       2 |   0.6 |      19 |       1 |   5.0
        D:6 |     460 |       0 |   0.0 |      16 |       0 |   0.0
        D:7 |     428 |       0 |   0.0 |      16 |       0 |   0.0
      Sewer |       0 |     619 | 100.0 |       0 |      31 | 100.0
            +---------+---------+-------+---------+---------+-------
